 Dungeon Crawl Stone Soup version 0.25-a0-661-g55ea3d2053 (webtiles) character file.

Game seed: 5303613814910798064, levelgen mode: deterministic

75 n0claF the Chopper (level 4, 0/41 HPs)
             Began as a Hill Orc Monk on Mar 23, 2020.
             Slain by a goblin
             ... wielding a +0 club
             ... led by Robin
              (3 damage)
             ... on level 2 of the Dungeon.
             The game lasted 00:03:37 (1145 turns).

n0claF the Chopper (Hill Orc Monk)                  Turns: 1145, Time: 00:03:38

Health: 0/41       AC:  2    Str: 14    XL:     4   Next: 31%
Magic:  4/4        EV: 13    Int: 10    God:
Gold:   89         SH:  0    Dex: 13    Spells: 3/3 levels left

rFire    . . .     SeeInvis .   d - +0 hand axe (elec)
rCold    . . .     Gourm    .   (no shield)
rNeg     . . .     Faith    .   b - +0 robe
rPois    .         Spirit   .   (no helmet)
rElec    .         Reflect  .   (no cloak)
rCorr    .         Harm     .   (no gloves)
MR       .....                  (no boots)
Stlth    ++........             (no amulet)
HPRegen  0.13/turn              (no ring)
MPRegen  0.09/turn              (no ring)

@: hasted, very quick
A: no striking features
a: no special abilities


You were on level 2 of the Dungeon.
You were not hungry.

You visited 1 branch of the dungeon, and saw 2 of its levels.

You collected 89 gold pieces.

Inventory:

Hand Weapons
 a - a +0 hand axe
 d - a +0 hand axe of electrocution (weapon)
   (You found it on level 1 of the Dungeon)
Armour
 b - a +0 robe (worn)
Jewellery
 j - an uncursed ring of magical power {unknown}
   (You found it on level 1 of the Dungeon)
Scrolls
 c - 2 scrolls of identify {unknown}
 f - a scroll of enchant armour {unknown}
 g - 2 scrolls of fog {unknown}
 i - 2 scrolls of enchant weapon {unknown}
 l - a scroll of remove curse {unknown}
Potions
 h - a potion of haste {@q3}
Comestibles
 e - 3 rations {!d}
 k - 3 chunks of flesh


   Skills:
 + Level 4.3 Fighting
 * Level 5.5 Axes
 + Level 1.8 Armour
 - Level 2.4 Dodging
 - Level 1.5 Stealth


You had 3 spell levels left.
You didn't know any spells.
Your spell library was empty.

Dungeon Overview and Level Annotations

Branches:
Dungeon (2/15)

Altars:


Message History

You kill the goblin!
Robin roars a battlecry!
Robin roars a battlecry!
You see here a goblin corpse.
Unknown command.
A goblin comes into view. It is wielding a +0 dagger.
Robin throws the goblin at you!
You closely miss the goblin. The goblin barely misses you.
You barely miss the goblin.
A hobgoblin comes into view.
The goblin hits you with a +0 dagger.
* * * LOW HITPOINT WARNING * * *
The hobgoblin shouts!
You hit the goblin but do no damage. Lightning courses through the goblin!
You kill the goblin!
A hobgoblin comes into view.
A goblin comes into view. It is wielding a +0 club.
A goblin comes into view.
Things that are here:
a +0 dagger; a goblin corpse x2
Things that are here:
a +0 dagger; a goblin corpse x2
A goblin and a hobgoblin come into view.
The goblin shouts!
The hobgoblin shouts!
The goblin shouts!
You hit Robin. Robin hits you with a +0 spear.
* * * LOW HITPOINT WARNING * * *
You hit Robin. Robin hits you with a +0 spear.
* * * LOW HITPOINT WARNING * * *
You hit Robin but do no damage. Lightning courses through Robin!
You kill Robin!
You closely miss the hobgoblin. You hit the hobgoblin but do no damage.
The hobgoblin barely misses you.
You barely miss the hobgoblin. The hobgoblin closely misses you.
You barely miss the hobgoblin. You barely miss the hobgoblin.
The hobgoblin barely misses you.
You hit the hobgoblin but do no damage. The hobgoblin misses you.
You hit the hobgoblin.
Lightning courses through the hobgoblin!
You kill the hobgoblin!
The goblin no longer looks unusually strong.
You hit the hobgoblin. The hobgoblin hits you.
* * * LOW HITPOINT WARNING * * *
You hit the hobgoblin but do no damage.
Lightning courses through the hobgoblin!
You kill the hobgoblin!
You barely miss the goblin. You closely miss the goblin.
The goblin hits you but does no damage.
You barely miss the goblin. The goblin hits you with a +0 club.
You die...

.#......###..###..##
########### .##...###
#.......#### #...####
#.###......## ..... ..##.
###.##..###### ....
#..........#
.###..#####..........#
....... .............####
..#....####g............#
........)@gg...!<........
.##....####.............g
#.... ####...........
##### ####........
#........ #........
#......$. ##...."..
#.....#


You could see 3 goblins.

Vanquished Creatures
  Robin (D:2)
  2 adders (D:2)
  A dart slug (D:1)
  A leopard gecko (D:1)
  An orc (D:2)
  4 bats (D:1)
  4 giant cockroaches (D:1)
  7 goblins (D:2)
  8 hobgoblins
  3 kobolds (D:1)
  4 frilled lizards
  5 rats (D:1)
41 creatures vanquished.

Notes
Turn   | Place    | Note
-------+----------+-------------------------------------------
     0 | D:1      | n0claF the Hill Orc Monk began the quest for the Orb.
     0 | D:1      | Reached XP level 1. HP: 19/19 MP: 1/1
    74 | D:1      | Reached XP level 2. HP: 22/27 MP: 2/2
   415 | D:1      | Reached skill level 1 in Armour
   757 | D:1      | Reached XP level 3. HP: 33/33 MP: 3/3
   979 | D:2      | Reached skill level 5 in Axes
  1089 | D:2      | Identified the -2 helmet "Ratuum Ema" {Str+5 Int+5 Dex-4}
  1089 | D:2      | Noticed Robin
  1117 | D:2      | Reached XP level 4. HP: 15/40 MP: 4/4
  1133 | D:2      | Killed Robin
  1145 | D:2      | Slain by a goblin

Levels and vault maps discovered:
D:1:      dpeg_arrival_pits, layout_loops_ring
D:2:      layout_rooms, minmay_distorted, uniq_robin

Skill      XL: |  1  2  3 |
---------------+----------+-----
Armour         | 1 |  1.8
Fighting       | 4 |  4.3
Axes           | 5 |  5.5
Dodging        | |  2.4
Stealth        | |  1.5

Action                   |  1- 3 |  4- 6 || total
-------------------------+-------+-------++-------
Melee: Hand axe          |   105 |    21 ||   126
  Use: Potion            |     2 |       ||     2
 Stab: Sleeping          |     3 |       ||     3
  Eat: Chunk             |     1 |       ||     1
Armor: Robe              |    29 |       ||    29
Dodge: Dodged            |    77 |     7 ||    84

Table legend:
 A = Non-vault XP
 B = Vault XP
 C = Vault XP percentage of total XP
 D = Non-vault monster count
 E = Vault monster count
 F = Vault count percentage of total count
                 A         B        C        D         E       F
            +---------+---------+-------+---------+---------+-------
      Total |      81 |      27 |  25.0 |      33 |       8 |  19.5
            +---------+---------+-------+---------+---------+-------
        D:1 |      41 |       0 |   0.0 |      24 |       0 |   0.0
        D:2 |      40 |      27 |  40.3 |       9 |       8 |  47.1
            +---------+---------+-------+---------+---------+-------
